 Seeded DCSS version 0.30.0-19-g36f170ea60 (webtiles) character file.

Game seed: 7229806256980976716 (custom seed)

581 RascalDebosk the Magician (level 7, -7/51 HPs)
             Began as a Djinni Warper on May 31, 2023.
             Mangled by a wyvern zombie (10 damage)
             ... in an ossuary.
             The game lasted 00:18:22 (3357 turns).

RascalDebosk the Magician (Djinni Warper)           Turns: 3357, Time: 00:18:22

Health: -7/51      AC:  4    Str: 10    XL:     7   Next: 63%
Gold:   587        EV: 11    Int: 21    God:
                   SH:  0    Dex: 12

rFire   + + .        l - +1 scimitar (holy)
rCold   x . .        (no shield)
rNeg    . . .        b - +0 leather armour
rPois   ∞            (no helmet)
rElec   .            m - scarf of the Shining Light {+Inv, Int+4 Stlth-}
rCorr   .            r - +0 pair of gloves
SInv    .            (boots unavailable)
Will    .....        (no amulet) Stlth
                     (no ring)
HPRegen 0.28/turn    (no ring)
MPRegen 0.00/turn

%: infuse magic (-8 HP)
@: flying
A: sickness immunity, fire resistance 2, cold vulnerability 1, float, innate
caster, HP casting, extra vitality 1
a: Evoke Invisibility


You were in an ossuary.
You visited 1 branch of the dungeon, and saw 4 of its levels.
You also visited: Ossuary.

You collected 587 gold pieces.

Inventory:

Hand Weapons
 a - a +0 falchion
 l - a +1 scimitar of holy wrath (weapon)
Missiles
 c - a throwing net {@!f}
 d - 7 boomerangs of dispersal (quivered)
Armour
 b - a +0 leather armour (worn)
 m - the scarf of the Shining Light (worn) {+Inv, Int+4 Stlth-}
   (You acquired it on level 1 of the Dungeon)

   Int:       It affects your intelligence (+4).
   Stlth:     It makes you less stealthy.
 r - a +0 pair of gloves (worn)
Scrolls
 e - 3 scrolls of amnesia {unknown}
 f - 5 scrolls of identify {unknown}
 g - 3 scrolls of blinking
 j - a scroll of enchant armour {unknown}
 k - a scroll of teleportation {unknown}
 q - a scroll of poison {unknown}
 v - a scroll of butterflies {unknown}
 x - a scroll of fog {unknown}
 y - 2 scrolls of vulnerability {unknown}
 z - 2 scrolls of silence {unknown}
Potions
 h - 2 potions of mutation {unknown}
 i - 2 potions of might {unknown}
 n - 2 potions of brilliance {unknown}
 o - a potion of invisibility {unknown}
 p - 4 potions of curing {unknown}
 s - a potion of cancellation {unknown}
 t - 2 potions of flight {unknown}
 u - a potion of ambrosia {unknown}
 w - a potion of attraction {unknown}
 A - a potion of berserk rage {unknown}


   Skills:
 + Level 3.7 Fighting
 - Level 1.7 Long Blades
 - Level 0.7 Throwing
 + Level 3.2 Armour
 - Level 2.1 Dodging
 * Level 5.3 Spellcasting


You knew the following spells:

 Your Spells              Type           Power      Damage    Failure   Level
a - Blink                 Tloc           54%        N/A       2%          2
b - Lesser Beckoning      Tloc           54%        N/A       2%          2
c - Vhi's Electric Charg  Tloc/Air       54%        N/A       4%          3
d - Teleport Other        Tloc           27%        N/A       4%          3
e - Manifold Assault      Tloc           27%        N/A       16%         4
f - Necrotise             Necr           100%       1d9       1%          1
g - Ensorcelled Hibernat  Hex/Ice        54%        N/A       2%          2
h - Poisonous Vapours     Pois/Air       54%        N/A       2%          2
Your spell library was empty.

Dungeon Overview and Level Annotations

Branches:
Dungeon (4/15)             Temple (0/1) D:4         Ossuary (1/1)

Altars:
Elyvilon
Zin

Annotations:
D:3 3 runed translucent doors, monsoonserge's ghost, weakling OpTm


Innate Abilities, Weirdness & Mutations

You are immune to sickness and miasma.
You are immune to poison.
Your flesh is very heat resistant. (rF++)
You are vulnerable to cold. (rC-)
You float through the air rather than walking.
You learn spells naturally, not from books.
Your magical power is your life essence.
You have superior vitality. (+4 MHP)


Message History

The bog mummy is almost destroyed.
You hit the bog mummy but do no damage.
The bog mummy is almost destroyed.
The bog mummy hits you!
You hit the bog mummy.
The bog mummy convulses.
The bog mummy is almost destroyed.
The bog mummy hits you!
You slash the bog mummy!
You destroy the bog mummy!
A mummy comes into view.
The water moccasin zombie bites you.
You hit the water moccasin zombie.
The water moccasin zombie convulses.
The water moccasin zombie is lightly damaged.
The water moccasin zombie completely misses you.
You slash the water moccasin zombie!
The water moccasin zombie convulses!
The water moccasin zombie is heavily damaged.
The water moccasin zombie bites you but does no damage.
The water moccasin zombie barely misses you.
You hit the water moccasin zombie.
The water moccasin zombie convulses.
The water moccasin zombie is severely damaged.
The water moccasin zombie closely misses you.
You barely miss the water moccasin zombie.
The water moccasin zombie is severely damaged.
The water moccasin zombie misses you. The water moccasin zombie bites you.
* * * LOW HITPOINT WARNING * * *
You slash the water moccasin zombie!
The water moccasin zombie convulses!
You destroy the water moccasin zombie!
Your Armour skill increases to level 3!
You hit the centaur zombie.
The centaur zombie convulses.
The centaur zombie is lightly damaged.
The centaur zombie hits you but does no damage.
The centaur zombie closely misses you. x2
The centaur zombie barely misses you.
A bullfrog zombie comes into view.
You hit the centaur zombie.
The centaur zombie convulses!
You punch the centaur zombie, but do no damage.
The centaur zombie is heavily damaged.
The centaur zombie hits you but does no damage.
The centaur zombie closely misses you.
The centaur zombie hits you but does no damage.
The centaur zombie kicks you.
* * * LOW HITPOINT WARNING * * *
You slash the centaur zombie!
The centaur zombie convulses!
The centaur zombie is almost destroyed.
The centaur zombie hits you.
* * * LOW HITPOINT WARNING * * *
The centaur zombie barely misses you.
The centaur zombie hits you but does no damage.
The centaur zombie kicks you but does no damage.
You hit the centaur zombie.
You destroy the centaur zombie!
The bullfrog zombie hits you.
* * * LOW HITPOINT WARNING * * *
You closely miss the bullfrog zombie.
The bullfrog zombie hits you but does no damage.
You slash the bullfrog zombie!
The bullfrog zombie convulses!
The bullfrog zombie is severely damaged.
The bullfrog zombie completely misses you.
You barely miss the mummy. You slash the mummy!
The mummy convulses.
The mummy is almost destroyed.
The mummy misses you.
You barely miss the mummy.
The mummy is almost destroyed.
You barely miss the mummy.
The mummy is almost destroyed.
The mummy barely misses you.
You hit the mummy.
You destroy the mummy!
You hit the bullfrog zombie.
The bullfrog zombie convulses.
The bullfrog zombie is almost destroyed.
The bullfrog zombie closely misses you. The bullfrog zombie hits you.
* * * LOW HITPOINT WARNING * * *
You closely miss the bullfrog zombie.
The bullfrog zombie is almost destroyed.
The bullfrog zombie hits you but does no damage.
The bullfrog zombie hits you.
* * * LOW HITPOINT WARNING * * *
You slash the bullfrog zombie!
You destroy the bullfrog zombie!
You start resting.
A bog mummy comes into view.
A bog mummy and 2 mummies come into view.
A wyvern zombie comes into view.
You barely miss the wyvern zombie. The wyvern zombie bites you!
* * * LOW HITPOINT WARNING * * *
The wyvern zombie bites you.
* * * LOW HITPOINT WARNING * * *
You slash the wyvern zombie!
The wyvern zombie convulses!
The wyvern zombie is heavily damaged.
The wyvern zombie bites you.
* * * LOW HITPOINT WARNING * * *
You hit the wyvern zombie.
The wyvern zombie convulses.
The wyvern zombie is heavily damaged.
The wyvern zombie barely misses you. The wyvern zombie misses you.
Unknown command.
You hit the wyvern zombie.
The wyvern zombie convulses!
The wyvern zombie is severely damaged.
The wyvern zombie bites you!
You die...

#####.# #...#.+
#M#.∩.'.###
#.#∩..#.'.#
#.#####.### '.'
#.'.+ #.#####.###
#.#...#.'.#
#.#...Z@###
#.#...#.'.#
~~#####.#####.###
.~.M~.M.......'.#
#'#M#'#'#'#+#'###
#.#.#.# #.# #
##### ###


You could see a wyvern zombie.

Vanquished Creatures
  A scorpion (D:4)
  2 water moccasin zombies (Ossuary)
  A centaur zombie (Ossuary)
  A bullfrog zombie (Ossuary)
  A sleepcap (D:4)
  A killer bee zombie (Ossuary)
  8 mummies
  A howler monkey zombie (Ossuary)
  5 adders
  An ufetubus (D:3)
  3 worms
  6 ball pythons
  5 bats
  4 endoplasms
  5 giant cockroaches
  A goblin (D:1)
  8 hobgoblins
  20 jackals
  3 quokkas
  A frilled lizard (D:1)
  A goblin zombie (D:4)
  4 rats
83 creatures vanquished.

Vanquished Creatures (collateral kills)
  A jelly (D:2)
  A quokka (D:2)
  A goblin (D:2)
3 creatures vanquished.

Grand Total: 86 creatures vanquished

Notes
Turn   | Place    | Note
-------+----------+-------------------------------------------
     0 | D:1      | RascalDebosk the Djinni Warper began the quest for the Orb.
     0 | D:1      | RascalDebosk set off with the following spells memorised:
                  | Blink, Lesser Beckoning, Vhi's Electric Charge, Teleport
                  | Other, Manifold Assault.
     0 | D:1      | Reached XP level 1. HP: 18/18 MP: 0/0
   229 | D:1      | Reached XP level 2. HP: 11/23 MP: 0/0
   278 | D:1      | Reached skill level 3 in Spellcasting
   468 | D:1      | Reached XP level 3. HP: 8/28 MP: 0/0
   468 | D:1      | Learned a level 1 spell: Necrotise
   879 | D:1      | Identified 3 scrolls of acquirement
   879 | D:1      | Acquired 439 gold pieces
   881 | D:1      | Acquired the scarf of the Shining Light {+Inv, Int+4
                  | Stlth-}
   887 | D:1      | Acquired a +1 scimitar of holy wrath
  1202 | D:2      | Reached XP level 4. HP: 24/33 MP: 0/0
  1455 | D:2      | Reached skill level 4 in Spellcasting
  1578 | D:2      | Reached XP level 5. HP: 32/38 MP: 0/0
  1578 | D:2      | Learned a level 2 spell: Ensorcelled Hibernation
  2095 | D:3      | Found a runed translucent gate.
  2095 | D:3      | Found a runed translucent gate.
  2095 | D:3      | Found a runed translucent gate.
  2102 | D:3      | Noticed monsoonserge's ghost (weakling OpTm)
  2177 | D:3      | Found a glowing silver altar of Zin.
  2616 | D:4      | Reached XP level 6. HP: 20/45 MP: 0/0
  2625 | D:4      | Found a white marble altar of Elyvilon.
  2829 | D:4      | Found a staircase to the Ecumenical Temple.
  2895 | D:4      | Found a sand-covered staircase.
  2903 | Ossuary  | Entered an ossuary
  2928 | Ossuary  | HP: 2/45 [mummy (3)]
  3125 | Ossuary  | Reached XP level 7. HP: 50/50 MP: 0/0
  3125 | Ossuary  | Learned a level 2 spell: Poisonous Vapours
  3311 | Ossuary  | Reached skill level 5 in Spellcasting
  3355 | Ossuary  | HP: 2/51 [wyvern zombie (6)]
  3357 | Ossuary  | Mangled by a wyvern zombie

Illustrated notes

Levels and vault maps discovered:
D:1:      spicycebolla_arrival_ecumenical, layout_loops_ring
D:2:      layout_basic
D:3:      layout_rooms, mainiacjoe_overflow_paths, gammafunk_ghost_necromancy
D:4:      layout_rooms, tso_metal_star, mainiacjoe_overflow_catwalk,
          elyvilon_altar_5, minmay_temple_entry_stoned_glass,
          nicolae_ossuary_entry_giza, minmay_misc_feat_square, minivault_4
Ossuary:  ossuary_zaba_flooded

Skill      XL: |  1  2  3  4  5  6  7 |
---------------+----------------------+-----
Spellcasting   | 3 4 5 |  5.3
Armour         | 2 3 |  3.2
Fighting       | 3 |  3.7
Long Blades    | |  1.7
Throwing       | |  0.7
Dodging        | |  2.1

Action                     |  1- 3 |  4- 6 |  7- 9 || total
---------------------------+-------+-------+-------++-------
  Melee: Falchion          |    81 |       |       ||    81
         Scimitar          |     9 |   135 |    40 ||   184
         Punch             |     1 |     1 |     1 ||     3
   Cast: Necrotise         |    16 |     9 |       ||    25
         Vhi's Electric Ch |       |     5 |       ||     5
         Manifold Assault  |       |     2 |       ||     2
         Ensorcelled Hiber |       |     3 |       ||     3
         Blink             |       |     1 |       ||     1
    Use: Scroll            |     3 |       |       ||     3
 Armour: Leather armour    |    31 |    42 |     9 ||    82
  Dodge: Dodged            |    78 |   116 |    26 ||   220
